AoeStats
← [NOE] Jupiter

Fortress

509979604Analyzed
2v2 RM · 4d ago on Sep 28, 2026· 35m 58s· 4 players
Game mode
Random Map
Map size
Normal (6 player)
Population
200
Speed
Normal
Resources
Standard
Victory
Conquest
Starting age
Dark Age
Ending age
Imperial Age
RankedLock teamsTeams togetherTeam positionsShared explorationLock speedFull tech treeHidden civsTurbo modeCheats
Victory
Defeat
🇺🇸 Hindustanis · United States
1503
+14
🇩🇪 Cumans · Germany
1434
+17
🇫🇷 Tatars · France
1468
-16
🇫🇷 Shu · France
1444
-15
[NOE] Jupiter
7:34 Feudal Age
11:12 Castle Age
9:08 Horse Collar
10:12 Double-Bit Axe
12:18 Bow Saw
12:41 Crossbowman
13:16 Fletching
15:02 Loom
15:54 Wheelbarrow
16:52 Gold Mining
17:20 Bodkin Arrow
18:18 Padded Archer Armor
19:42 Thumb Ring
19:45 Town Watch
20:22 Leather Archer Armor
26:32 Imperial Age
26:06 Ballistics
27:27 Gold Shaft Mining
27:16 Bracer
28:20 Chemistry
27:54 Conscription
27:35 Arbalester
30:00 Bolt Magazine
31:13 Ring Archer Armor
32:02 Capped Ram
34:06 Treadmill Crane
34:06 Pikeman
34:47 Squires
[NOE] Lyrendir
7:33 Feudal Age
8:00 Horse Collar
8:06 Double-Bit Axe
8:13 Gold Mining
9:26 Wheelbarrow
9:48 Wheelbarrow
14:25 Castle Age
14:46 Loom
15:03 Fletching
19:03 Imperial Age
17:43 Bodkin Arrow
WavyDavyBby
1:35 Loom
7:05 Feudal Age
10:51 Castle Age
8:44 Horse Collar
9:03 Double-Bit Axe
9:51 Scale Mail Armor
10:46 Forging
17:56 Chain Mail Armor
19:08 Squires
24:40 Wheelbarrow
25:35 Hand Cart
29:46 Imperial Age
27:35 Loom
29:14 Heavy Plow
29:43 Bloodlines
29:33 Husbandry
30:12 Town Watch
30:47 Elite Ghulam
32:33 Iron Casting
31:59 Gold Mining
31:58 Light Cavalry
32:44 Scale Barding Armor
34:24 Chain Barding Armor
Bechti420
7:42 Feudal Age
9:58 Horse Collar
13:09 Castle Age
11:14 Double-Bit Axe
11:36 Loom
18:04 Capped Ram
22:48 Bloodlines
23:14 Heavy Plow
25:16 Scale Barding Armor
26:26 Wheelbarrow
28:32 Bow Saw
33:54 Imperial Age
32:16 Gold Mining
33:21 Chain Barding Armor
33:13 Forging
34:03 Cavalier
35:06 Conscription
35:38 Plate Barding Armor
35:39 Iron Casting
35:49 Guilds
36:41 Two-Man Saw
36:35 Hand Cart
36:05 Town Watch
Connection lost

Rejoining the realm…

Still unreachable

The connection could not be restored.

Session expired

The server has moved on; the page needs a fresh start.